 Dungeon Crawl Stone Soup version 0.29-a0-334-gb41bcbb86e (webtiles) character file.

Game seed: 17478881933281536066

16 Dauddaud the Chopper (level 2, -1/40 HPs)
             Began as a Minotaur Berserker on Apr 14, 2022.
             Was a Follower of Trog.
             Succumbed to a goblin's poison
             ... on level 1 of the Dungeon.
             The game lasted 00:01:53 (421 turns).

Dauddaud the Chopper (Minotaur Berserker)            Turns: 421, Time: 00:01:53

Health: -1/40      AC:  2    Str: 21    XL:     2   Next: 41%
Magic:  1/1        EV: 12    Int:  4    God:    Trog [*.....]
Gold:   34         SH:  0    Dex:  9    Spells: 1/1 levels left

rFire   . . .      SeeInvis .   a - +0 hand axe
rCold   . . .      Faith    .   (no shield)
rNeg    . . .      Spirit   .   b - +0 animal skin
rPois   .          Reflect  .   (helmet restricted)
rElec   .          Harm     .   (no cloak)
rCorr   .          Rampage  .   (no gloves)
Will    .....                   (no boots)
Stlth   ..........              (no amulet)
HPRegen 0.13/turn               (no ring)
MPRegen 0.07/turn               (no ring)

@: berserking, lethally poisoned (-1 -> -26), very quick
A: horns 2, retaliatory headbutt
a: Renounce Religion, Berserk


You were on level 1 of the Dungeon.
You worshipped Trog.
Trog was aware of your devotion.
You visited 1 branch of the dungeon, and saw 1 of its levels.

You collected 34 gold pieces.

Inventory:

Hand Weapons
 a - a +0 hand axe (weapon)
Armour
 b - a +0 animal skin (worn)
Scrolls
 c - a scroll of immolation {unknown}


   Skills:
 - Level 3.7 Fighting
 + Level 4.6 Axes
 - Level 2.4 Armour
 - Level 2.2 Dodging


You had one spell level left.
You didn't know any spells.
Your spell library was empty.

Dungeon Overview and Level Annotations

Branches:
Dungeon (1/15)

Altars:


Innate Abilities, Weirdness & Mutations

You have a pair of horns on your head.
You reflexively headbutt those who attack you in melee.


Message History

You completely miss the jackal.
You feel very sick. The jackal bites you.
The goblin hits you but does no damage.
You are more poisoned.
The jackal pauses to sniff the ground.
The jackal bites you.
A red film seems to cover your vision as you go berserk!
You feel yourself moving faster!
You feel mighty!
You feel very sick. The jackal misses you. You furiously retaliate!
You headbutt the jackal!
You kill the jackal!
Trog accepts your kill.
The goblin hits you with a +0 dagger of venom.
You are lethally poisoned!
You closely miss the goblin. Your headbutt misses the goblin.
You closely miss the goblin.
You feel very sick.
The goblin hits you with a +0 dagger of venom.
* * * LOW HITPOINT WARNING * * *
The goblin closely misses you. You furiously retaliate!
You headbutt the goblin!
You kill the goblin!
Trog accepts your kill.
You closely miss the goblin. You slash the quokka!
You kill the quokka!
Trog accepts your kill.
* * * LOW HITPOINT WARNING * * *
You feel very sick.
You barely miss the goblin. You barely miss the jackal.
* * * LOW HITPOINT WARNING * * *
You feel very sick.
The goblin hits you with a +0 dagger of venom.
* * * LOW HITPOINT WARNING * * *
You are more poisoned.
The jackal misses you.
You slash the goblin!
You kill the goblin!
Trog accepts your kill.
You barely miss the jackal.
You die...

.. #.# #. #.# ###.####
###.# #>...... ..#.#
.#.#....# #.#.#
........# #.#.#
.#......###.#.########
.............)@)......
.##..#..###.#.#h......
.....#..# #.#.#.####..
.....#..###.#.#.#
#............#.#.#
#....##.#†####.#?#
#............#.#.#
#.....#.#..#.#.#.#
#...###.##...#


You could see a jackal.

Vanquished Creatures
  2 endoplasms (D:1)
  A jackal (D:1)
  A kobold (D:1)
  2 quokkas (D:1)
  A ball python (D:1)
  A bat (D:1)
  5 goblins (D:1)
  3 rats (D:1)
16 creatures vanquished.

Notes
Turn   | Place    | Note
-------+----------+-------------------------------------------
     0 | D:1      | Dauddaud the Minotaur Berserker began the quest for the
                  | Orb.
     0 | D:1      | Reached XP level 1. HP: 19/19 MP: 0/0
   279 | D:1      | Reached skill level 4 in Axes
   351 | D:1      | Reached XP level 2. HP: 25/27 MP: 1/1
   421 | D:1      | Succumbed to a goblin's poison

Illustrated notes

Levels and vault maps discovered:
D:1:      minmay_arrival_pointy, layout_basic,
          dilly_ecumenical_altar_fadedgnrine, palyth_stone_intersect

Skill      XL: |  1 |
---------------+----+-----
Axes           | 4 |  4.6
Fighting       | |  3.7
Armour         | |  2.4
Dodging        | |  2.2

Action                   || total
-------------------------++-------
Melee: Hand axe          ||    27
       Headbutt          ||     5
Invok: Berserk           ||     1
Armor: Animal skin       ||     7
Dodge: Dodged            ||    24

Table legend: (Time is in decaauts)
 A = Elapsed time spent in this place.
 B = Non-inter-level travel time spent in this place.
 C = Inter-level travel time spent in this place.
 D = Time resting spent in this place.
 E = Time spent auto-exploring this place.
 F = Levels seen in this place.
 G = Mean time per level.
                   A        B        C        D        E       F      G
               +--------+--------+--------+--------+--------+-----+--------+
         Total |    422 |    422 |      0 |      0 |    304 |   1 |  422.0 |
       Dungeon |    422 |    422 |      0 |      0 |    304 |   1 |  422.0 |
               +--------+--------+--------+--------+--------+-----+--------+

Top non-repeatable levels by time:
     D:1: 422 daAuts
